[Event "Team 45 45 League T95"]
[Site "Internet Chess Club"]
[Date "2023.02.19"]
[Round "6"]
[White "g8wrb"]
[Black "CMAlge"]
[Result "0-1"]
[WhiteElo "1282"]
[BlackElo "1351"]
[Opening "Caro-Kann defense"]
[ECO "B10"]
[Time "11:04:11"]
[PlyCount "98"]
[TimeControl "2700+45"]

1. e4 c6 2. c3 d5 3. exd5 cxd5 4. d4 Bf5 5. Nf3 e6 6. Bb5+ Nc6 7. O-O Ne7 8. Bg5
a6 9. Ba4 b5 10. Bc2 Bxc2 11. Qxc2 Qc7 12. a3 h6 13. Bh4 Nf5 14. Bg3 Nxg3 15.
hxg3 Be7 16. Nbd2 O-O 17. Rac1 Rac8 18. Nb3 Rfe8 19. Rfe1 Qa7 20. Qd3 Bd6 21.
Re3 Ne7 22. Nh4 Kh8 23. Rf3 Kg8 24. Re3 Rf8 25. Qe2 Nc6 26. Rxe6 fxe6 27. Qxe6+
Qf7 28. Qxd6 Qxf2+ 29. Kh2 Qxb2 30. Qxd5+ Rf7 31. Rf1 Nd8 32. Nc5 Qxc3 33. Nb7
Qc7 34. Nd6 Qd7 35. Rxf7 Nxf7 36. Nhf5 Kf8 37. Qxf7+ Qxf7 38. Nxf7 Rc3 39. N7d6
Rxa3 40. Kh3 b4 41. d5 Rd3 42. Nc4 Rxd5 43. Nfe3 b3 44. Kh2 Rd3 45. Kg1 Rxe3 46.
Kf2 Rc3 47. Na3 b2 48. Nb1 Rc1 49. Nd2 b1=Q {White resigns} 0-1

[Event "Team 45 45 League T95"]
[Site "Internet Chess Club"]
[Date "2023.02.19"]
[Round "6"]
[White "olivermx"]
[Black "Denis240964"]
[Result "1-0"]
[WhiteElo "1334"]
[BlackElo "1348"]
[Opening "Ruy Lopez: Anderssen variation"]
[ECO "C77"]
[Time "09:37:17"]
[PlyCount "79"]
[TimeControl "2700+45"]

1. e4 e5 2. Nf3 Nc6 3. Bb5 a6 4. Ba4 Nf6 5. d3 Be7 6. O-O b5 7. Bb3 d6 8. h3 Na5
9. Bd2 Nxb3 10. axb3 c5 11. Nc3 b4 12. Ne2 O-O 13. Ng3 Ne8 14. Qe2 f5 15. exf5
Bxf5 16. Nxf5 Rxf5 17. Qe4 Rf8 18. Qc4+ Kh8 19. Rxa6 Rxa6 20. Qxa6 Qd7 21. Ra1
Nc7 22. Qb7 Rc8 23. Ra7 h6 24. Be3 Kh7 25. Kh2 Bd8 26. Qe4+ Kh8 27. Qg6 Bf6 28.
Bxh6 Rf8 29. Bg5 Rf7 30. Rb7 Qc8 31. Qxf7 Qxb7 32. Bxf6 gxf6 33. Qxf6+ Kg8 34.
Qxd6 Ne8 35. Qxc5 Qb8 36. Qxe5 Qc8 37. Qd5+ Kh8 38. Qd4+ Kg8 39. Qc4+ Qxc4 40.
dxc4 {Black resigns} 1-0

[Event "Team 45 45 League T95"]
[Site "Internet Chess Club"]
[Date "2023.02.19"]
[Round "6"]
[White "bardu"]
[Black "pandaknight"]
[Result "0-1"]
[WhiteElo "1188"]
[BlackElo "1198"]
[Opening "QGD semi-Slav"]
[ECO "D43"]
[Time "21:23:15"]
[PlyCount "106"]
[TimeControl "2700+45"]

1. d4 d5 2. c4 c6 3. Nf3 Nf6 4. Nc3 e6 5. Bg5 Nbd7 6. cxd5 exd5 7. e3 Bd6 8. Bd3
O-O 9. Qc2 h6 10. Bh4 Qc7 11. O-O Re8 12. Rfc1 a6 13. Rab1 b5 14. Ne2 Bb7 15. b4
Ne4 16. Nc3 Ndf6 17. Bxf6 Nxf6 18. a3 Qb6 19. Ne2 a5 20. Ng3 axb4 21. axb4 Ra4
22. e4 dxe4 23. Bxe4 Nxe4 24. Nxe4 Bxb4 25. Nc5 Bxc5 26. dxc5 Qa7 27. Re1 Rxe1+
28. Rxe1 Ra1 29. Qe4 Rxe1+ 30. Qxe1 Qxc5 31. Qe8+ Qf8 32. Qd7 Qc8 33. Qe7 c5 34.
Ne5 Bd5 35. Qd6 Be6 36. Nc6 Qd7 37. Qb8+ Kh7 38. Qxb5 Qd1+ 39. Qf1 Qxf1+ 40.
Kxf1 Kg6 41. Ke2 Kf5 42. Kd3 Bd5 43. Ne7+ Ke6 44. Nxd5 Kxd5 45. f4 g5 46. fxg5
hxg5 47. g3 g4 48. Kc3 Ke4 49. Kc4 Kf3 50. Kxc5 Kg2 51. Kd5 Kxh2 52. Ke4 Kxg3
53. Kf5 Kf3 {White resigns} 0-1

[Event "Team 45 45 League T95"]
[Site "Internet Chess Club"]
[Date "2023.02.18"]
[Round "6"]
[White "NATYNL09"]
[Black "tamky70"]
[Result "0-1"]
[WhiteElo "1095"]
[BlackElo "1269"]
[Opening "King's pawn opening"]
[ECO "B07"]
[Time "20:36:29"]
[PlyCount "96"]
[TimeControl "2700+45"]

1. e4 d6 2. d4 c6 3. Nc3 Nd7 4. Nf3 Ngf6 5. Be3 a6 6. Bc4 e6 7. e5 dxe5 8. dxe5
Nd5 9. Ne4 Nxe3 10. fxe3 Be7 11. O-O O-O 12. Qe1 Nc5 13. Rd1 Qb6 14. Nxc5 Bxc5
15. Nd4 Bxd4 16. Rxd4 Qc7 17. Qg3 b5 18. Bb3 c5 19. Rg4 g6 20. a3 c4 21. Ba2 Bb7
22. b3 Rad8 23. Rd4 Rxd4 24. exd4 Bd5 25. Qg5 cxb3 26. Bxb3 Bxb3 27. cxb3 Qc3
28. Rf4 Qe3+ 29. Kf1 Qd3+ 30. Kg1 Qd1+ 31. Rf1 Qxd4+ 32. Rf2 Qd1+ 33. Rf1 Qxb3
34. Qc1 Qc4 35. Qb2 Rc8 36. h3 Qc3 37. Qb1 Qe3+ 38. Kh2 Qxe5+ 39. Kg1 Qd4+ 40.
Kh2 Rd8 41. Qc2 Qc4 42. Qb1 Qd3 43. Qe1 Qd6+ 44. Kg1 Qxa3 45. Qb1 Qe3+ 46. Kh2
Qd4 47. Qc2 Qc4 48. Qb1 a5 {White resigns} 0-1

[Event "Team 45 45 League T95"]
[Site "Internet Chess Club"]
[Date "2023.02.19"]
[Round "6"]
[White "Kingofknights"]
[Black "herrahuu"]
[Result "1-0"]
[WhiteElo "1541"]
[BlackElo "1452"]
[Opening "Benkö gambit"]
[ECO "A57"]
[Time "11:00:33"]
[PlyCount "61"]
[TimeControl "2700+45"]

1. d4 Nf6 2. c4 c5 3. d5 b5 4. b3 e6 5. Nc3 exd5 6. cxd5 b4 7. Na4 d6 8. Nf3 Bb7
9. Bg5 Be7 10. Bxf6 Bxf6 11. Rc1 O-O 12. e3 Na6 13. Bc4 Nc7 14. Qd3 Qc8 15. O-O
Ba6 16. Bxa6 Nxa6 17. e4 Re8 18. Rfe1 Be5 19. Nxe5 Rxe5 20. f4 Re7 21. e5 dxe5
22. fxe5 Rb8 23. d6 Rd7 24. Qc4 Qb7 25. Rcd1 Rc8 26. e6 fxe6 27. Qxe6+ Rf7 28.
d7 Rd8 29. Rf1 Rxd7 30. Qe8+ Rf8 31. Qxf8# {Black checkmated} 1-0

[Event "Team 45 45 League T95"]
[Site "Internet Chess Club"]
[Date "2023.02.18"]
[Round "6"]
[White "SeniorCitizen"]
[Black "rjhoro"]
[Result "0-1"]
[WhiteElo "1244"]
[BlackElo "1160"]
[Opening "Caro-Kann: advance variation"]
[ECO "B12"]
[Time "13:00:36"]
[PlyCount "62"]
[TimeControl "2700+45"]

1. e4 c6 2. d4 d5 3. e5 c5 4. Nf3 cxd4 5. Qxd4 Nc6 6. Bb5 a6 7. Bxc6+ bxc6 8.
O-O e6 9. Nbd2 Ne7 10. Nb3 Nf5 11. Qd1 Be7 12. Nbd4 Nxd4 13. Nxd4 c5 14. Nc6 Qc7
15. Nxe7 Qxe7 16. c3 O-O 17. Bf4 f6 18. Qd2 fxe5 19. Bxe5 Bd7 20. f4 Rad8 21.
Rf3 Bc6 22. Rg3 Rf7 23. Qf2 c4 24. Rd1 Rd7 25. Rd4 a5 26. h4 Qxh4 27. Rh3 Qxf2+
28. Kxf2 g5 29. g3 Rf5 30. Rh5 Rdf7 31. Ke3 gxf4+ {White resigns} 0-1

[Event "Team 45 45 League T95"]
[Site "Internet Chess Club"]
[Date "2023.02.19"]
[Round "6"]
[White "Balderdash"]
[Black "thundercat1"]
[Result "0-1"]
[WhiteElo "1203"]
[BlackElo "1034"]
[Opening "Sicilian: closed"]
[ECO "B23"]
[Time "08:00:51"]
[PlyCount "72"]
[TimeControl "2700+45"]

1. e4 c5 2. Nc3 e6 3. Nf3 g6 4. d4 Bg7 5. Be3 Nc6 6. e5 Nge7 7. Nb5 O-O 8. Bc4
Nf5 9. Bg5 Qa5+ 10. Bd2 Qd8 11. g4 Nh4 12. Nxh4 Qxh4 13. Qf3 cxd4 14. O-O-O Bxe5
15. Bf4 Qf6 16. Kb1 Bxf4 17. Nd6 e5 18. Ne4 Qe7 19. h4 a5 20. g5 Qb4 21. Nf6+
Kh8 22. Bb3 a4 23. Nd5 Qc5 24. Nxf4 axb3 25. Nxg6+ fxg6 26. Qxb3 Na5 27. Qd3 d6
28. h5 Bf5 29. Qd2 Nc4 30. Qe2 Qb5 31. b3 Na3+ 32. Kb2 Qxe2 33. Rc1 Nxc2 34.
hxg6 Bxg6 35. f4 Nb4+ 36. Ka1 Qxa2# {White checkmated} 0-1

[Event "Team 45 45 League T95"]
[Site "Internet Chess Club"]
[Date "2023.02.20"]
[Round "6"]
[White "oldbookseller"]
[Black "WzeroMN"]
[Result "0-1"]
[WhiteElo "885"]
[BlackElo "947"]
[Opening "Queen's pawn game"]
[ECO "D02"]
[Time "13:00:56"]
[PlyCount "72"]
[TimeControl "2700+45"]

1. d4 d5 2. Nf3 Bg4 3. Nbd2 Bxf3 4. Nxf3 Nf6 5. e3 e6 6. Bd3 Be7 7. b3 Bb4+ 8.
Bd2 Bxd2+ 9. Qxd2 O-O 10. O-O Ne4 11. Qe1 Nd7 12. c3 Ndf6 13. Bc2 Qd6 14. g3 c5
15. dxc5 Qxc5 16. Qd1 Nxc3 17. Qd3 Nce4 18. Ne5 Qc3 19. Qe2 Qxe5 20. Rad1 Nc3
21. Qf3 Qh5 22. g4 Qxg4+ 23. Qxg4 Nxg4 24. Rd4 Ne2+ 25. Kg2 Nxd4 26. exd4 Nf6
27. Re1 Rac8 28. Bd3 Rc3 29. Bb1 Rfc8 30. h4 Rc1 31. Bxh7+ Nxh7 32. Re3 Nf6 33.
Rh3 Nh5 34. Kf3 R1c3+ 35. Kg4 Nf6+ 36. Kg5 Rxh3 {White resigns} 0-1